 Dungeon Crawl Stone Soup version 0.21.1-1-g345015f (webtiles) character file.

11407 SergentPoivreBleu the Geomancer (level 11, -1/58 HPs)
             Began as a Gargoyle Earth Elementalist on July 23, 2018.
             Was a Believer of Vehumet.
             Slain by a killer bee (6 damage)
             ... on level 1 of the Lair of Beasts on July 24, 2018.
             The game lasted 01:03:09 (11724 turns).

SergentPoivreBleu the Geomancer (GrEE)             Turns: 11724, Time: 01:03:10

Health: -1/58      AC: 15    Str: 12    XL:     11   Next: 77%
Magic:  7/26       EV: 14    Int: 21    God:    Vehumet [**....]
Gold:   481        SH:  0    Dex: 13    Spells: 17/33 levels left

rFire    . . .     SeeInvis .   B - +3 mace "Qiddu" {chaos, Int+5}
rCold    + + .     Gourm    .   (no shield)
rNeg     + . .     Faith    .   x - +2 robe {MR+}
rPois    ∞         Spirit   .   P - +0 helmet (curse)
rElec    +         Reflect  .   (no cloak)
rCorr    .         Harm     .   (no gloves)
MR       ++...     Clarity  +   j - +1 pair of boots
Stlth    ++++......             (no amulet)
HPRegen  0.19/turn              g - ring of protection from cold
MPRegen  0.20/turn              E - ring of protection from magic

@: very slightly contaminated
A: camouflage 1, clarity, cold resistance 1, negative energy resistance 1,
electricity resistance, unbreathing, petrification resistance, rot immunity, AC
+8
a: Renounce Religion


You were on level 1 of the Lair of Beasts.
You worshipped Vehumet.
Vehumet was pleased with you.
You were not hungry.

You visited 2 branches of the dungeon, and saw 12 of its levels.
You also visited: Sewer.

You collected 481 gold pieces.

Inventory:

Hand Weapons
 n - a +0 whip of flaming
 o - a +0 morningstar
 B - the +3 mace "Qiddu" (weapon) {chaos, Int+5}
   (You took it off an orc on level 8 of the Dungeon)

   Each time it hits an enemy it has a different, random effect.
   It affects your intelligence (+5).
Missiles
 y - 10 stones (quivered)
Armour
 j - a +1 pair of boots (worn)
 r - the +3 hat of Pondering {ponderous, MR+ MP+10 Int+5}
   (You took it off Gastronok on level 10 of the Dungeon)

   It affects your intelligence (+5).
   It affects your resistance to hostile enchantments.
   It affects your magic capacity (+10).
 x - a +2 robe of magic resistance (worn)
 F - a +0 large shield
 P - a cursed +0 helmet (worn)
Magical Staves
 c - an uncursed staff of poison
 C - an uncursed staff of wizardry
Jewellery
 g - a ring of protection from cold (left hand)
 E - a ring of protection from magic (right hand)
Wands
 a - a wand of polymorph (23)
 t - a wand of clouds (2)
 z - a wand of paralysis (18)
 H - a wand of enslavement (10)
Scrolls
 b - a scroll of enchant armour
 f - a scroll of magic mapping
 h - 5 scrolls of identify
 i - a scroll of fear
 k - a scroll of immolation
 l - 8 scrolls of teleportation
 A - 4 scrolls of remove curse
 K - 2 scrolls of fog
 M - a scroll of noise {unknown}
 N - a scroll of holy word
Potions
 m - 5 potions of haste {unknown}
 p - 2 potions of flight {unknown}
 q - a potion of curing
 s - a potion of cancellation
 u - a potion of might
 w - a potion of brilliance
 D - 2 potions of resistance
 G - 2 potions of agility
Books
 e - a book of Geomancy

   Spells                             Type                      Level
   a - Sandblast                      Earth                        1
   b - Passwall                       Transmutation/Earth          2
   c - Stone Arrow                    Conjuration/Earth            3
   d - Petrify                        Transmutation/Earth          4
   e - Lee's Rapid Deconstruction     Earth                        5
 v - a book of Minor Magic

   Spells                             Type                      Level
   a - Magic Dart                     Conjuration                  1
   b - Blink                          Translocation                2
   c - Call Imp                       Summoning                    2
   d - Slow                           Hexes                        2
   e - Conjure Flame                  Conjuration/Fire             3
   f - Mephitic Cloud                 Conjuration/Poison/Air       3
 L - a Young Poisoner's Handbook

   Spells                             Type                      Level
   a - Sting                          Conjuration/Poison           1
   b - Poisonous Vapours              Poison/Air                   2
   c - Mephitic Cloud                 Conjuration/Poison/Air       3
   d - Olgreb's Toxic Radiance        Poison                       4
   e - Venom Bolt                     Conjuration/Poison           5
Comestibles
 d - 15 rations


   Skills:
 + Level 2.4 Fighting
 + Level 3.4 Maces & Flails
 + Level 3.8 Dodging
 + Level 5.3 Stealth
 + Level 11.5 Spellcasting
 + Level 3.5 Conjurations
 + Level 1.0 Transmutations
 + Level 0.5 Fire Magic
 + Level 12.8 Earth Magic


You had 17 spell levels left.
You knew the following spells:

 Your Spells              Type           Power        Failure   Level  Hunger
a - Sandblast             Erth           ######       1%          1    None
b - Stone Arrow           Conj/Erth      #####.       1%          3    None
c - Lee's Rapid Deconstr  Erth           ######....   1%          5    ####...
d - Conjure Flame         Conj/Fire      ###.....     7%          3    None
e - Petrify               Tmut/Erth      #####...     3%          4    #......


Dungeon Overview and Level Annotations

Branches:
Dungeon (11/15)            Temple (0/1) D:5            Lair (1/6) D:10
    Orc: D:9-12

Altars:
Ashenzari
Cheibriados
Hepliaklqana
Kikubaaqudgha
Makhleb
Nemelex Xobeh
Ru
Trog
Vehumet
Wu Jian
Xom
Zin

Annotations:
D:6 dscm's ghost, novice HOFi
D:11 1 runed door


Innate Abilities, Weirdness & Mutations

You are resistant to torment.
Your stone body is resilient. (AC +8)
You are immune to poison.
You resist negative energy. (rN+)
You are resistant to electric shocks. (rElec)
You can survive without breathing.
You are immune to petrification.
You are immune to rotting.
Your skin changes colour to match your surroundings (Stealth+).
You possess an exceptional clarity of mind.
Your flesh is cold resistant. (rC+)


Message History

Aiming: Lee's Rapid Deconstruction
Press: ? - help, Dir - move target cursor, p - komodo dragon The wall shatters!
The blast of rock fragments hits the killer bee.
You kill the killer bee!
Vehumet accepts your kill.
The blast of rock fragments hits the komodo dragon.
The komodo dragon is almost dead.
The blast of rock fragments hits the killer bee.
You kill the killer bee!
Vehumet accepts your kill.
You feel your power returning.
The killer bee buzzes angrily.
You hear an angry buzzing noise. x7
You hear an angry hiss.
You hear an angry buzzing noise. x4
You hear a bellow! x2; You hear an angry buzzing noise.
You hear a bellow!
The killer bee closely misses you. The komodo dragon bites you!!
* * * LOW HITPOINT WARNING * * *
You hear an angry buzzing noise.
The killer bee stings you.
You die...

.# #.# ##..♣♣
######...#.♣ ♣
#.#.....[..♣..
#..........
##....#yyy♣
###...<@#ly.♣
#......y.§#
#..........#
#..........?..♣
##.......###..♣
##....... ..♣
#....... ..♣
...##P#... #.
..# #####. ..


You could see a killer bee.

Vanquished Creatures
  Gastronok (D:10)
  A two-headed ogre (D:9)
  Pikel (D:4)
  3 centaur zombies
  Joseph (D:7)
  An efreet (D:10)
  2 trolls
  A hornet (D:10)
  5 yaks (D:10)
  Sigmund (D:2)
  A wraith (D:10)
  A hungry ghost (D:7)
  Grum (D:10)
  Menkaure (D:7)
  Duvessa (D:7)
  2 water moccasins
  5 orc warriors
  A black bear (D:7)
  An ice beast (D:5)
  2 phantoms (D:9)
  4 sky beasts
  A slave (D:4)
  5 wolves (D:10)
  5 ogres
  2 centaurs
  A big kobold (D:9)
  2 bullfrogs
  A water moccasin zombie (D:9)
  2 wyvern skeletons
  Dowan (D:7)
  2 scorpions
  A water moccasin skeleton (D:4)
  8 killer bees
  3 wights (D:9)
  4 howler monkeys
  3 crimson imps
  4 bullfrog zombies
  A quasit (D:9)
  4 jellies
  7 orc priests
  8 hounds
  5 orc wizards
  2 bullfrog skeletons (D:10)
  4 iguanas
  Ijyb (D:5)
  7 worker ants
  A worker ant zombie (D:6)
  5 gnolls
  14 adders
  4 shadow imps
  An ooze (D:2)
  An adder zombie (D:8)
  4 worms
  2 dart slugs
  6 leopard geckos
  40 orcs
  6 ball pythons
  3 bats
  4 giant cockroaches
  3 goblins
  5 hobgoblins
  10 jackals
  16 kobolds
  2 quokkas
  4 frilled lizards
  8 rats
260 creatures vanquished.

Vanquished Creatures (others)
  An ogre (D:9)
  A bullfrog (D:8)
  2 iguanas
  A worker ant (D:4)
  An orc (D:9)
  2 plants (Sewer)
8 creatures vanquished.

Grand Total: 268 creatures vanquished

Notes
Turn   | Place    | Note
-------+----------+-------------------------------------------
     0 | D:1      | SergentPoivreBleu the Gargoyle Earth Elementalist began the quest for the Orb.
     0 | D:1      | Reached XP level 1. HP: 10/10 MP: 3/3
   186 | D:1      | Reached skill level 4 in Earth Magic
   186 | D:1      | Reached XP level 2. HP: 15/15 MP: 0/5
   401 | D:1      | Gained mutation: You possess an exceptional clarity of mind. [potion of mutation]
   401 | D:1      | Gained mutation: Your flesh is cold resistant. (rC+) [potion of mutation]
   401 | D:1      | Gained mutation: Your skin changes colour to match your surroundings (Stealth+). [potion of mutation]
   712 | D:2      | Reached XP level 3. HP: 19/19 MP: 1/6
   852 | D:2      | Found a bloodstained altar of Trog.
   969 | D:2      | Noticed Sigmund
   988 | D:2      | Learned a level 3 spell: Stone Arrow
   994 | D:2      | Killed Sigmund
   994 | D:2      | Reached skill level 5 in Earth Magic
   994 | D:2      | Reached XP level 4. HP: 11/24 MP: 2/9
   994 | D:2      | Reached XP level 5. HP: 13/28 MP: 2/10
  1080 | D:2      | Found a faded altar of an unknown god.
  1218 | D:2      | Found a burning altar of Makhleb.
  1532 | D:3      | Reached XP level 6. HP: 32/32 MP: 7/11
  1563 | D:3      | Reached skill level 6 in Earth Magic
  1969 | D:3      | Found a sacrificial altar of Ru.
  2387 | D:4      | Learned a level 5 spell: Lee's Rapid Deconstruction
  2441 | D:4      | Noticed Pikel
  2441 | D:4      | Noticed a slave
  2441 | D:4      | Noticed a slave
  2442 | D:4      | Noticed a slave
  2442 | D:4      | Noticed a slave
  2447 | D:4      | Killed a slave
  2450 | D:4      | Killed Pikel
  2450 | D:4      | Reached skill level 5 in Spellcasting
  2450 | D:4      | Reached skill level 7 in Earth Magic
  2450 | D:4      | Reached XP level 7. HP: 37/37 MP: 8/15
  2450 | D:4      | Reached XP level 8. HP: 42/42 MP: 8/16
  2667 | D:4      | Found a sparkling altar of Nemelex Xobeh.
  2966 | D:5      | Entered Level 5 of the Dungeon
  2990 | D:5      | Reached skill level 8 in Earth Magic
  3092 | D:5      | Noticed Ijyb
  3121 | D:5      | Found a shattered altar of Ashenzari.
  3152 | D:5      | Found a staircase to the Ecumenical Temple.
  3254 | D:5      | Killed Ijyb
  3749 | D:6      | Reached skill level 9 in Earth Magic
  3826 | D:6      | Reached XP level 9. HP: 43/46 MP: 16/20
  3893 | D:6      | Found a glowing drain.
  3906 | Sewer    | Entered a sewer
  4778 | D:6      | Noticed dscm's ghost (novice HOFi)
  4829 | D:7      | Found an ornate altar of the Wu Jian Council.
  5003 | D:7      | Noticed Dowan
  5007 | D:7      | Noticed Duvessa
  5030 | D:7      | Killed Dowan
  5033 | D:7      | Killed Duvessa
  5329 | D:7      | HP: 1/46 [orc warrior/flail (13)]
  5694 | D:6      | Found a shimmering altar of Xom.
  5738 | D:6      | Reached skill level 1 in Fighting
  5908 | D:7      | Noticed Joseph
  5909 | D:7      | Noticed Menkaure
  5910 | D:7      | Reached skill level 10 in Earth Magic
  5911 | D:7      | Killed Menkaure
  5920 | D:7      | Killed Joseph
  5920 | D:7      | Reached skill level 1 in Conjurations
  6195 | D:7      | Reached skill level 1 in Maces & Flails
  6538 | D:8      | Got an ivory mace {chaos}
  6541 | D:8      | Identified the cursed +3 mace "Qiddu" {chaos, Int+5} (You took it off an orc on level 8 of the Dungeon)
  6586 | D:8      | Reached XP level 10. HP: 38/53 MP: 17/23
  6829 | D:8      | Reached skill level 11 in Earth Magic
  7066 | D:9      | Found a radiant altar of Vehumet.
  7067 | D:9      | Found an ancient bone altar of Kikubaaqudgha.
  7067 | D:9      | Found a shattered altar of Ashenzari.
  7069 | D:9      | Found a snail-covered altar of Cheibriados.
  7097 | D:9      | Became a worshipper of Vehumet
  7141 | D:9      | Noticed a two-headed ogre
  7147 | D:9      | Killed a two-headed ogre
  7381 | D:9      | Learned a level 3 spell: Conjure Flame
  7386 | D:9      | Learned a level 4 spell: Petrify
  7619 | D:9      | Found a shimmering altar of Xom.
  7684 | D:9      | Found a hazy altar of Hepliaklqana.
  7802 | D:9      | Reached * piety under Vehumet
  7802 | D:9      | Offered knowledge of Freeze by Vehumet.
  7974 | D:10     | Entered Level 10 of the Dungeon
  7974 | D:10     | Noticed Grum
  7978 | D:10     | Killed Grum
  7978 | D:10     | Reached skill level 10 in Spellcasting
  8378 | D:10     | Found a staircase to the Lair.
  8400 | D:10     | Reached skill level 5 in Stealth
  8445 | D:10     | Reached XP level 11. HP: 57/57 MP: 0/25
  8583 | D:10     | Reached skill level 12 in Earth Magic
  8604 | D:10     | Reached ** piety under Vehumet
  8604 | D:10     | Offered knowledge of Flame Tongue by Vehumet.
  9653 | D:11     | Noticed a green ugly thing
 10068 | D:11     | Noticed a four-headed hydra
 10194 | D:11     | Found a glowing silver altar of Zin.
 10195 | D:11     | Noticed an angel
 10200 | D:11     | Found a runed door.
 10790 | D:11     | Noticed Gastronok
 11514 | D:10     | Killed Gastronok
 11514 | D:10     | Reached skill level 1 in Transmutations
 11708 | Lair:1   | Entered Level 1 of the Lair of Beasts
 11724 | Lair:1   | Slain by a killer bee

Skill      XL: |  1  2  3  4  5  6  7  8  9 10 11 |
---------------+----------------------------------+-----
Earth Magic    | 4 5 7 9 10 11 12 | 12.8
Spellcasting   | 3 5 7 9 10 11 | 11.5
Stealth        | 3 4 5 |  5.3
Dodging        | 2 3 |  3.8
Fighting       | 1 2 |  2.4
Conjurations   | 2 3 |  3.5
Maces & Flails | 1 2 3 |  3.4
Transmutations | 1 |  1.0
Fire Magic     | |  0.5

Action                   |  1- 3 |  4- 6 |  7- 9 | 10-12 || total
-------------------------+-------+-------+-------+-------++-------
Melee: Unarmed           |     1 |       |       |       ||     1
       Club              |       |    11 |    26 |       ||    37
       Whip              |       |       |    86 |       ||    86
       Mace              |       |       |     9 |    97 ||   106
 Cast: Sandblast         |    26 |    71 |   104 |    94 ||   295
       Stone Arrow       |       |       |    19 |    54 ||    73
       Lee's Rapid Decon |       |       |    17 |    34 ||    51
       Petrify           |       |       |       |     7 ||     7
       Conjure Flame     |       |       |       |    13 ||    13
Evoke: Wand              |       |       |       |     1 ||     1
  Use: Potion            |     3 |     1 |     3 |     6 ||    13
       Scroll            |     1 |     3 |     6 |     9 ||    19
 Stab: Sleeping          |       |       |       |     3 ||     3
       Paralysed         |       |       |       |     1 ||     1
  Eat: Chunk             |       |     5 |     8 |    16 ||    29
       Ration            |       |       |     3 |     2 ||     5
Armor: Robe              |     3 |     9 |    53 |    70 ||   135
Dodge: Dodged            |     3 |    24 |    90 |   108 ||   225
